[Event "Chpt Reg Jeunes Occitanie 2026 - Espalion"]
[Site "Espalion, France"]
[Round "5.15"]
[ECO "?"]
[Annotator "?"]
[TimeControl "1h30 + 30sec/cp"]

1. e4 c5 2.
Nf3 Nc6 3.
Bc4 g6 4.
d3 Bg7 5.
c3 Nf6 6.
Be3 d6 7. Nbd2 O-O 8. O-O a6 9. Re1 b5 10. Bb3 Bd7 11. a3 Qc7 12. Qc2 h6 13.
Rad1 Rfc8 14. d4 Ng4 15. dxc5 Nxe3 16. Rxe3 dxc5 17. c4 Nd4 18. Nxd4 Bxd4 19. Rd3 Bg4 20. Nf3 Qf4 21. h3 Be6 22. Nxd4 cxd4 23. Rxd4 bxc4 24. Bxc4 Qc7 25. b3 Qc5 26. a4 Rcb8 27.
Qd3 Bxc4 28. Rxc4 Qa3 29. Rdc1 Rd8 30. Qe3 h5 31. R4c3 Qd6 32. Rc6 Qe5 33. f3 Qb2 34. Qc3 Qe2 35. Qc4 Qe3+ 36. Kh1 Rd2 37. Rxg6+ Kh8 38. Qxf7 Qd4 39.
Rh6# 1-0

[White "VILLEMIN CHARTIER, Elias"]
[Black "BAUER, Pierre"]
[WhiteElo "1900"]
[BlackElo "2174"]
[Result "1-0"]
[Date "2026.03.06"]

[Event "Chpt Reg Jeunes Occitanie 2026 - Espalion"]
[Site "Espalion, France"]
[Round "6.11"]
[ECO "?"]
[Annotator "?"]
[TimeControl "1h30 + 30sec/cp"]

1. e4 c5 2.
Nf3 Nc6 3.
d4 cxd4 4.
Nxd4 Nf6 5.
Nc3 h5 6.
Be2 d6 7.
Bg5 Qa5 8.
Bxf6 gxf6 9. Nb3 Qe5 10. Qd5 Be6 11. Qxe5 fxe5 12. O-O-O Rc8 13. Nd5 f5 14. Bf3 Bxd5 15. exd5 Nb4 16. c3 Na6 17. h3 Nc5 18. g4 e4 19. Be2 f4 20. g5 e5 21. dxe6 Nxe6 22. h4 Ke7 23. Rhe1 Bg7 24. Bf1 e3 25. fxe3 Be5 26. Nd4 Rcf8 27. Bh3 Ng7 28.
Nf3 Ne6 29. Nxe5 dxe5 30. exf4 Nxf4 31. Rxe5+ Kf7 32. Rd7+ Kg6 33. Bf5+ Rxf5 34.
Rd6+ 1-0

[White "JARRY, Pierre"]
[Black "PETITGRAND, Leo"]
[WhiteElo "1717"]
[BlackElo "1644"]
[Result "1/2-1/2"]
[Date "2026.03.06"]

[Event "Chpt Reg Jeunes Occitanie 2026 - Espalion"]
[Site "Espalion, France"]
[Round "6.12"]
[ECO "?"]
[Annotator "?"]
[TimeControl "1h30 + 30sec/cp"]

1. d4 Nf6 2. Nf3 e6 3. c4 d5 4.
Nc3 Bb4 5.
a3 Bxc3+ 6.
bxc3 b6 7.
cxd5 exd5 8. Bg5 Nbd7 9. e3 h6 10. Bh4 Bb7 11. Be2 Rc8 12. O-O g5 13. Bg3 Ne4 14. Qc2 h5 15. h4 g4 16. Nd2 Ndf6 17. Nxe4 Nxe4 1/2-1/2

[White "VALMIR, Clovis"]
[Black "SARDARYAN, Arman"]
[WhiteElo "2006"]
[BlackElo "1698"]
[Result "1-0"]
[Date "2026.03.06"]

[Event "Chpt Reg Jeunes Occitanie 2026 - Espalion"]
[Site "Espalion, France"]
[Round "6.13"]
[ECO "?"]
[Annotator "?"]
[TimeControl "1h30 + 30sec/cp"]

1. e4 b6 2.
d4 Bb7 3.
Bd3 e6 4.
Nf3 c5 5.
Nc3 cxd4 6.
Nxd4 Bb4 7.
O-O Bxc3 8.
bxc3 Nf6 9.
e5 Ne4 10.
Qg4 Nxc3 11. Qxg7 Rf8 12. Ba3 d6 13. Bxd6 Nd7 14. Bb5 Nxb5 15. Nxb5 Rc8 16. Rad1 Bd5 17. Rxd5 exd5 18. Bxf8 Nxf8 19. Nd6+ Kd7 20.
Qxf7+ Kc6 21. Qb7+ Kc5 22. Rd1 d4 23. c4 a6 24. Qd5+ Kb4 25. Qxd4 Ne6 26. Rb1+ Ka5 27. Qc3+ Ka4 28. Qb4# 1-0

[White "MAURY, Tom"]
[Black "BEUCHER, Simon"]
[WhiteElo "1701"]
[BlackElo "1765"]
[Result "0-1"]
[Date "2026.03.06"]

[Event "Chpt Reg Jeunes Occitanie 2026 - Espalion"]
[Site "Espalion, France"]
[Round "6.14"]
[ECO "?"]
[Annotator "?"]
[TimeControl "1h30 + 30sec/cp"]

1. e4 e6 2.
d4 d5 3.
Nc3 dxe4 4.
Nxe4 Nd7 5.
Nf3 Ngf6 6.
Nxf6+ Nxf6 7. a3 c5 8.
Bf4 cxd4 9.
Qxd4 Qxd4 10. Nxd4 Bc5 11. Nb5 Nd5 12. Bg3 a6 13. Nd6+ Ke7 14. Ne4 Bb6 15. Bc4 Bc7 16. Bxc7 Nxc7 17. O-O-O Bd7 18. Rd2 Rhd8 19.
f3 Bc6 20.
Bd3 Nd5 21. Rhd1 Nf4 22. Nc5 Nxd3+ 23. Nxd3 Rd6 24. Ne5 Rxd2 25. Nxc6+ bxc6 26. Rxd2 Rd8 27. Rxd8 Kxd8 28. Kd2 Kc7 29. Kc3 c5 30. f4 f6 31. Kc4 Kc6 32. c3 g5 33. g3 g4 34. b4 e5 35.
fxe5 fxe5 36. bxc5 a5 37. a4 h6 38. Kd3 Kxc5 39. Ke4 Kc4 40. Kxe5 Kxc3 41. Kf4 Kb4 42. Kxg4 Kxa4 43. Kh5 Kb4 44. Kxh6 a4 45. g4 a3 46. g5 a2 47. g6 a1=Q 48. g7 Qf6+ 49.
Kh7 Qf7 50. Kh8 Qh5+ 51. Kg8 Kc5 52. Kf8 Qf5+ 53. Ke7 Qg6 54. Kf8 Qf6+ 55. Kg8 Kd6 0-1

[White "VALYAEV, Paul"]
[Black "DO, Alex"]
[WhiteElo "1746"]
[BlackElo "1683"]
[Result "1-0"]
[Date "2026.03.06"]